 Dungeon Crawl Stone Soup version 0.23.2-33-g5129a83184 (webtiles) character file.

Game seed: 3516377174698566978

434 kae the Spear-Bearer (level 7, -1/54 HPs)
             Began as a Merfolk Gladiator on July 25, 2019.
             Slain by a sickly merfolk siren
             ... wielding a +0 spear
              (10 damage)
             ... in a sewer.
             The game lasted 00:03:28 (2932 turns).

kae the Spear-Bearer (Merfolk Gladiator)            Turns: 2932, Time: 00:03:28

Health: -1/54      AC:  4    Str: 15    XL:     7   Next: 0%
Magic:  7/7        EV: 19    Int:  9    God:
Gold:   145        SH:  0    Dex: 15    Spells: 6/6 levels left

rFire    . . .     SeeInvis .   a - +0 trident
rCold    . . .     Gourm    .   (no shield)
rNeg     . . .     Faith    .   b - +0 leather armour
rPois    .         Spirit   .   c - +0 helmet
rElec    .         Reflect  .   (no cloak)
rCorr    +         Harm     .   (no gloves)
MR       .....                  (boots currently unavailable)
Stlth    ++........             (no amulet)
HPRegen  0.18/turn              h - ring of resist corrosion
MPRegen  0.10/turn              (no ring)

@: mesmerised, very quick
A: change form in water, swift swim, stealthy swim
a: no special abilities


You were in a sewer.
You were not hungry.

You visited 1 branch of the dungeon, and saw 3 of its levels.
You also visited: Sewer.

You collected 145 gold pieces.

Inventory:

Hand Weapons
 a - a +0 trident (weapon)
 l - a +0 scythe
Missiles
 d - 3 throwing nets (quivered)
Armour
 b - a +0 leather armour (worn)
 c - a +0 helmet (worn)
Jewellery
 h - a ring of resist corrosion (left hand)
Wands
 g - a wand of flame (9)
 p - a wand of disintegration (14)
Scrolls
 i - a scroll of identify
 n - a scroll of teleportation
Potions
 e - a potion of haste
 j - 2 potions of curing
 k - a potion of resistance
 o - a potion of heal wounds
Comestibles
 f - 3 rations


   Skills:
 + Level 4.2 Fighting
 * Level 8.4 Polearms
 - Level 2.0 Throwing
 + Level 6.1 Dodging


You had 6 spell levels left.
You didn't know any spells.
Your spell library was empty.

Dungeon Overview and Level Annotations

Branches:
Dungeon (3/15)

Altars:

Annotations:
D:3 1 runed translucent door, Crazy Yiuf


Message History

The rat bites you.
You hit the rat.
The rat is moderately wounded.
The sickly merfolk siren chants its luring song.
You hit the rat but do no damage.
The rat is moderately wounded.
The rat misses you.
The sickly merfolk siren hits you from afar with a +0 spear!
You closely miss the rat.
The rat is moderately wounded.
The rat bites you but does no damage.
The sickly merfolk siren hits you from afar with a +0 spear!
* * * LOW HITPOINT WARNING * * *
You puncture the rat!
You kill the rat!
The sickly merfolk siren chants its luring song.
You hit the sickly merfolk siren.
The sickly merfolk siren is moderately wounded.
The sickly merfolk siren hits you with a +0 spear!
You die...

##≈.# ###≈≈≈.
#∩∩≈≈≈÷ #######
##
##########≈≈≈≈
#$$
#≈≈≈≈≈≈≈†≈≈≈≈≈
..
###≈≈≈##########
####≈###≈≈≈#.#
#≈≈≈≈≈@≈≈≈##.#
#≈≈≈≈m††.....#
#≈≈≈...#######
≈≈≈≈...##
#≈...## #####


You could see a sickly merfolk siren.

Vanquished Creatures
  Sigmund (D:2)
  A bullfrog skeleton (D:3)
  Jessica (D:3)
  Natasha (twice) (D:3)
  Ijyb (D:3)
  6 adders
  4 gnolls (D:2)
  A river rat (Sewer)
  2 worms (D:2)
  3 dart slugs (D:2)
  6 leopard geckos
  4 orcs (D:3)
  A ball python (D:1)
  10 giant cockroaches
  5 goblins
  11 hobgoblins
  4 jackals (D:2)
  A quokka (D:2)
  7 bats
  7 frilled lizards
  7 kobolds
  16 rats
101 creatures vanquished.

Notes
Turn   | Place    | Note
-------+----------+-------------------------------------------
     0 | D:1      | kae the Merfolk Gladiator began the quest for the Orb.
     0 | D:1      | Reached XP level 1. HP: 16/16 MP: 1/1
   224 | D:1      | Reached XP level 2. HP: 23/23 MP: 2/2
   476 | D:1      | Reached skill level 5 in Polearms
   794 | D:2      | Reached XP level 3. HP: 5/28 MP: 3/3
  1235 | D:2      | Noticed Sigmund
  1269 | D:2      | Killed Sigmund
  1269 | D:2      | Reached skill level 6 in Polearms
  1269 | D:2      | Reached skill level 5 in Dodging
  1269 | D:2      | Reached XP level 4. HP: 28/35 MP: 4/4
  1269 | D:2      | Reached XP level 5. HP: 33/41 MP: 5/5
  1606 | D:2      | Reached skill level 7 in Polearms
  1843 | D:3      | Reached XP level 6. HP: 44/48 MP: 6/6
  1849 | D:3      | Noticed Jessica
  1852 | D:3      | Killed Jessica
  1969 | D:3      | Noticed Ijyb
  1981 | D:3      | Killed Ijyb
  2204 | D:3      | Found a runed translucent door.
  2205 | D:3      | Noticed Crazy Yiuf
  2331 | D:3      | Noticed Natasha
  2340 | D:3      | Killed Natasha
  2340 | D:3      | Reached skill level 8 in Polearms
  2405 | D:3      | Noticed Natasha
  2428 | D:3      | Killed Natasha
  2597 | D:3      | Found a glowing drain.
  2605 | Sewer    | Entered a sewer
  2921 | Sewer    | Reached XP level 7. HP: 51/54 MP: 7/7
  2932 | Sewer    | Slain by a sickly merfolk siren

Skill      XL: |  1  2  3  4  5  6 |
---------------+-------------------+-----
Polearms       | 5 6 7 8 |  8.4
Fighting       | 3 4 |  4.2
Dodging        | 5 6 |  6.1
Throwing       | |  2.0

Action                   |  1- 3 |  4- 6 |  7- 9 || total
-------------------------+-------+-------+-------++-------
Melee: Trident           |   125 |   243 |    10 ||   378
       Tailslap          |       |     2 |     1 ||     3
  Use: Scroll            |     4 |     5 |       ||     9
       Potion            |     1 |     1 |       ||     2
 Stab: Sleeping          |     1 |     3 |       ||     4
  Eat: Chunk             |     1 |     6 |       ||     7
Armor: Leather armour    |    25 |    19 |     1 ||    45
       Skin              |    23 |     3 |       ||    26
Dodge: Dodged            |    53 |   138 |     7 ||   198
